 Dungeon Crawl Stone Soup version 0.24.0-123-gd5b16e6ec5 (webtiles) character file.

Game seed: 13118467476771519066, levelgen mode: deterministic

6765 Seryem the Fighter (level 11, 0/115 HPs)
             Began as an Ogre Wizard on Dec 30, 2019.
             Was a Follower of Sif Muna.
             Slain by an orc warrior
             ... wielding a +0 glaive
              (9 damage)
             ... on level 1 of the Orcish Mines.
             The game lasted 01:04:37 (12785 turns).

Seryem the Fighter (Ogre Wizard)                   Turns: 12785, Time: 01:04:38

Health: 0/115      AC:  5    Str: 16    XL:     11   Next: 4%
Magic:  16/24      EV: 10    Int: 21    God:    Sif Muna [*.....]
Gold:   471        SH:  0    Dex:  7    Spells: 17/28 levels left

rFire    + . .     SeeInvis +   u - +3 spear (venom)
rCold    . . .     Gourm    .   (no shield)
rNeg     . . .     Faith    .   q - +1 robe {rF+}
rPois    .         Spirit   .   N - +0 hat {SInv}
rElec    .         Reflect  .   e - +0 cloak
rCorr    .         Harm     .   (gloves unavailable)
MR       +....                  (boots unavailable)
Stlth    ..........             (no amulet)
HPRegen  0.29/turn              i - ring of attention (curse)
MPRegen  0.19/turn              w - +2 ring of strength

@: no status effects
A: large, unfitting armour, tough skin 1
a: Channel Magic, Renounce Religion


You were on level 1 of the Orcish Mines.
You worshipped Sif Muna.
Sif Muna was aware of your devotion.
You were not hungry.

You visited 3 branches of the dungeon, and saw 12 of its levels.

You collected 471 gold pieces.

Inventory:

Hand Weapons
 u - a +3 spear of venom (weapon)
Armour
 a - a +0 robe
 b - a +1 hat
 e - a +0 cloak (worn)
 q - a +1 robe of fire resistance (worn)
 x - a +2 large shield
 N - a +0 hat of see invisible (worn)
Jewellery
 i - a cursed ring of attention (left hand)
 l - an uncursed amulet of rage {unknown}
 r - an uncursed ring of see invisible {unknown}
 w - a +2 ring of strength (right hand)
 A - an uncursed ring of see invisible {unknown}
 C - an uncursed ring of poison resistance {unknown}
 M - an uncursed ring of fire {unknown}
Wands
 D - a wand of enslavement (6)
 E - a wand of paralysis (1)
Scrolls
 g - 3 scrolls of blinking
 h - 2 scrolls of enchant weapon
 j - a scroll of immolation
 n - 4 scrolls of magic mapping
 y - 5 scrolls of identify
 F - 2 scrolls of fog
Potions
 c - 2 potions of magic
 f - 2 potions of agility
 k - a potion of mutation {unknown}
 m - 2 potions of haste {unknown}
 p - a potion of brilliance {unknown}
 s - 8 potions of curing
 t - a potion of cancellation {unknown}
 v - 3 potions of degeneration {unknown}
 B - a potion of lignification {unknown}
 G - a potion of berserk rage {unknown}
 H - a potion of flight {unknown}
 J - a potion of might {unknown}
 K - a potion of invisibility {unknown}
 L - a potion of heal wounds {unknown}
Comestibles
 d - 13 rations


   Skills:
 + Level 9.5 Fighting
 + Level 6.6 Polearms
 - Level 1.7 Dodging
 - Level 1.4 Stealth
 + Level 6.3 Shields
 + Level 9.2 Spellcasting
 - Level 4.5 Conjurations
 + Level 5.7 Summonings
 - Level 0.8 Translocations


You had 17 spell levels left.
You knew the following spells:

 Your Spells              Type           Power        Failure   Level  Hunger
a - Magic Dart            Conj           ####         1%          1    None
b - Call Imp              Summ           ####....     1%          2    None
c - Blink                 Tloc           N/A          8%          2    None
d - Conjure Flame         Conj/Fire      ###.....     9%          3    None
e - Mephitic Cloud        Conj/Pois/Air  ###.....     12%         3    None

Your spell library contained the following spells:

 Spells                   Type           Power        Failure   Level  Hunger
 Slow                     Hex            #.......     11%         2    None


Dungeon Overview and Level Annotations

Branches:
Dungeon (10/15)            Temple (1/1) D:4             Orc (1/2) D:9
   Lair: D:8-11

Altars:
Cheibriados
Dithmenos
Fedhas
Gozag
Hepliaklqana
Kikubaaqudgha
Nemelex Xobeh
Okawaru
Qazlal
Ru
Sif Muna
Vehumet
Yredelemnul
Zin

Shops:
D:6 %   D:8 [

Portals:
Trove: D:10 (give 8 potions of haste)

Annotations:
D:10 Erica


Innate Abilities, Weirdness & Mutations

You are too large for most types of armour.
You have tough skin. (AC +1)


Message History

Your crimson imp hits the orc warrior.
Casting: Call Imp (safe; 1% risk of failure)
Confirm with . or Enter, or press ? or * to list all spells.
A beastly little devil appears in a puff of flame.
Your shadow imp misses the orc warrior.
Your shadow imp hits the orc warrior but does no damage.
Your crimson imp misses the orc warrior.
The orc warrior misses your crimson imp.
Your shadow imp hits the orc warrior.
Your shadow imp hits the orc warrior but does no damage.
Your crimson imp blinks!
Your crimson imp closely misses the orc warrior.
Attack whom?
Press: ? - help, Dir - move target cursor, f/p - orc warrior
Aim: an orc warrior, wielding a +0 glaive and wearing a +0 chain mail (moderately wounded)
You reach to attack!
You closely miss the orc warrior.
The orc warrior is moderately wounded.
Your shadow imp disappears in a puff of smoke!
The orc warrior hits you from afar with a +0 glaive!
You die...

## ###. #.
... ##...
####.. .#..#
..... #....#
#..###....
##..#.5##
#..@$.$.#
##.§5<###
#..o5#
#...§)..
#...#....
#...####.$.#
#... ....
##.. #.#. #.
###.


You could see an orc warrior, 2 friendly crimson imps and a friendly shadow imp.

Vanquished Creatures
  Gastronok (D:9)
  A two-headed ogre (D:9)
  2 trolls (D:9)
  A hippogriff (D:10)
  Sigmund (D:2)
  A spriggan (D:8)
  A vampire (D:9)
  A hungry ghost (D:6)
  A vampire mosquito (D:9)
  Edmund (D:4)
  A water moccasin (D:9)
  2 ice beasts
  2 black bears
  4 ogres
  2 phantoms
  A centaur (D:8)
  Blork the orc (D:4)
  4 bullfrogs
  3 scorpions
  2 crimson imps
  4 hounds
  4 jellies
  4 orc wizards
  An iguana (D:8)
  A worker ant (D:9)
  A killer bee zombie (D:8)
  A worker ant zombie (D:9)
  5 gnolls
  7 adders
  2 shadow imps
  2 oozes
  2 worms
  3 leopard geckos
  17 orcs
  7 bats
  3 giant cockroaches
  5 goblins
  4 hobgoblins
  5 jackals
  5 quokkas
  2 ball pythons
  A ball python zombie (D:5)
  2 frilled lizards
  7 kobolds
  2 quokka zombies (D:8)
  6 rats
136 creatures vanquished.

Vanquished Creatures (collateral kills)
  A two-headed ogre (D:9)
  A centaur skeleton (D:10)
  A hungry ghost (D:9)
  Menkaure (D:7)
  A water moccasin (D:6)
  A sky beast (D:9)
  An ogre (D:9)
  2 crimson imps
  An orc priest (D:3)
  A bullfrog skeleton (D:9)
  4 orc wizards
  2 iguanas
  A worker ant (D:4)
  A gnoll (D:4)
  An adder (D:3)
  A worm (D:3)
  6 orcs
  A giant cockroach (D:1)
  A goblin (D:2)
  3 kobolds
  2 rats (D:3)
34 creatures vanquished.

Vanquished Creatures (others)
  A vampire mosquito (D:9)
1 creature vanquished.

Grand Total: 171 creatures vanquished

Notes
Turn   | Place    | Note
-------+----------+-------------------------------------------
     0 | D:1      | Seryem the Ogre Wizard began the quest for the Orb.
     0 | D:1      | Reached XP level 1. HP: 16/16 MP: 5/5
    12 | D:1      | Reached skill level 1 in Conjurations
   340 | D:1      | Reached XP level 2. HP: 24/24 MP: 3/6
   344 | D:1      | Learned a level 2 spell: Call Imp
  1049 | D:2      | Reached skill level 1 in Summonings
  1142 | D:2      | Noticed Sigmund
  1400 | D:2      | Reached XP level 3. HP: 31/31 MP: 4/8
  1639 | D:3      | Reached skill level 1 in Fighting
  1732 | D:3      | Reached XP level 4. HP: 38/41 MP: 0/10
  1860 | D:2      | Learned a level 2 spell: Blink
  1864 | D:2      | Learned a level 3 spell: Conjure Flame
  1868 | D:2      | Learned a level 3 spell: Mephitic Cloud
  2261 | D:3      | Reached XP level 5. HP: 49/49 MP: 3/12
  2601 | D:3      | Found a faded altar of an unknown god.
  2799 | D:2      | Killed Sigmund
  2799 | D:2      | Reached skill level 1 in Shields
  2799 | D:2      | Reached skill level 5 in Spellcasting
  2799 | D:2      | Reached XP level 6. HP: 45/61 MP: 6/13
  3106 | D:4      | Reached XP level 7. HP: 59/68 MP: 2/15
  3249 | D:4      | Noticed Blork the orc
  3265 | D:4      | Killed Blork the orc
  3469 | D:4      | Reached skill level 1 in Polearms
  3484 | D:4      | Noticed Edmund
  3497 | D:4      | Killed Edmund
  3825 | D:4      | Found a staircase to the Ecumenical Temple.
  3840 | Temple   | Entered the Ecumenical Temple
  3927 | Temple   | Became a worshipper of Sif Muna the Loreminder
  3975 | D:4      | Found a shadowy altar of Dithmenos.
  4140 | D:5      | Entered Level 5 of the Dungeon
  4300 | D:5      | Reached XP level 8. HP: 79/79 MP: 9/16
  4769 | D:5      | Reached skill level 5 in Fighting
  5137 | D:6      | Found Liesef's Food Shop.
  5160 | D:6      | Found a basalt altar of Yredelemnul.
  5207 | D:6      | Found a hazy altar of Hepliaklqana.
  5207 | D:6      | Found a sacrificial altar of Ru.
  5209 | D:6      | Found a blossoming altar of Fedhas.
  6251 | D:7      | Noticed Menkaure
  6601 | D:7      | Reached XP level 9. HP: 62/89 MP: 13/19
  6673 | D:7      | Reached * piety under Sif Muna
  6736 | D:7      | Found an iron altar of Okawaru.
  6807 | D:7      | Found an iron altar of Okawaru.
  6901 | D:7      | Killed Menkaure
  7648 | D:8      | Found Oliuwnel's Armour Boutique.
  7962 | D:8      | Found a snail-covered altar of Cheibriados.
  7968 | D:8      | Found a radiant altar of Vehumet.
  7971 | D:8      | Found a glowing silver altar of Zin.
  8380 | D:9      | Noticed Gastronok
  9112 | D:10     | Entered Level 10 of the Dungeon
  9113 | D:10     | Noticed a two-headed ogre
  9129 | D:10     | Noticed a troll
  9134 | D:10     | Noticed a troll
  9438 | D:9      | Found a staircase to the Orcish Mines.
  9444 | D:9      | Noticed a two-headed ogre
  9461 | D:9      | Killed a two-headed ogre
  9461 | D:9      | Reached skill level 5 in Polearms
  9461 | D:9      | Reached skill level 5 in Shields
  9461 | D:9      | Reached XP level 10. HP: 104/104 MP: 7/21
 10092 | D:9      | Killed a two-headed ogre
 10519 | D:10     | Noticed Erica
 10623 | D:9      | Killed Gastronok
 10623 | D:9      | Reached skill level 5 in Summonings
 11030 | D:9      | Reached XP level 11. HP: 99/115 MP: 3/24
 12468 | D:10     | Found a portal to a secret trove of treasure.
 12741 | D:9      | HP: 4/115 [vampire mosquito (8)]
 12759 | Orc:1    | Entered Level 1 of the Orcish Mines
 12765 | Orc:1    | HP: 4/115 [orc warrior/+0 glaive (7)]
 12785 | Orc:1    | Slain by an orc warrior

Levels and vault maps discovered:
D:1:      dpeg_arrival_shrine, layout_loops_corners
D:2:      layout_basic, uniq_sigmund
D:3:      layout_rooms, first_ration, chequers_ecumenical_altar_island,
          item_on_display_a
D:4:      layout_basic, marbit_many_paths, minmay_temple_entry_glassed_door,
          uniq_edmund, uniq_blork_the_orc
D:5:      layout_loops_corners
D:6:      layout_loops_ring, gammafunk_temple_overflow_forgotten, basic_altar,
          serial_shops, nicolae_shop_behind_doors
D:7:      layout_loops_cross, kennysheep_okawaru_gauntlet, basic_altar,
          due_unseen_surprise, uniq_menkaure
D:8:      layout_loops_ring, minitemple, serial_shops, shop, the_bakery,
          chequers_serial_rivers_marsh
D:9:      layout_basic, orc_0_dummy, uniq_gastronok
D:10:     layout_big_octagon, enter_trove_3, uniq_erica, uniq_josephine
Temple:   minmay_temple_curvy_branch
Orc:1:    layout_diamond_mine, basic_altar

Skill      XL: |  1  2  3  4  5  6  7  8  9 10 |
---------------+-------------------------------+-----
Conjurations   | 1 2 3 4 |  4.5
Spellcasting   | 4 5 6 7 9 |  9.2
Summonings     | 1 2 3 4 5 |  5.7
Fighting       | 1 2 3 4 6 7 9 |  9.5
Shields        | 1 2 3 5 6 |  6.3
Polearms       | 1 3 5 6 |  6.6
Dodging        | |  1.7
Stealth        | |  1.4
Translocations | |  0.8

Action                   |  1- 3 |  4- 6 |  7- 9 | 10-12 || total
-------------------------+-------+-------+-------+-------++-------
Melee: Unarmed           |     9 |       |       |       ||     9
       Spear             |     9 |    46 |   199 |    97 ||   351
 Cast: Magic Dart        |    67 |    35 |   187 |    40 ||   329
       Call Imp          |     9 |    24 |    55 |    31 ||   119
       Conjure Flame     |       |     1 |    17 |    14 ||    32
       Blink             |       |       |     6 |    14 ||    20
       Mephitic Cloud    |       |       |     3 |       ||     3
Evoke: Wand              |       |       |       |    14 ||    14
  Use: Scroll            |       |    10 |     8 |     6 ||    24
 Stab: Distracted        |       |       |     1 |     2 ||     3
  Eat: Chunk             |     2 |     5 |    11 |     1 ||    19
       Ration            |       |       |     3 |     3 ||     6
Armor: Robe              |    11 |     8 |    37 |    26 ||    82
Dodge: Dodged            |    18 |    15 |    71 |    46 ||   150
